 Dungeon Crawl Stone Soup version 0.19.1-1-g22dce08 (webtiles) character file.

273 Peloso the Slasher (level 6, -5/51 HPs)
             Began as a Ghoul Gladiator on Dec 30, 2016.
             Slain by an ogre
             ... wielding a +0 giant club
              (6 damage)
             ... on level 4 of the Dungeon.
             The game lasted 00:12:29 (2675 turns).

Peloso the Slasher (Ghoul Gladiator)                Turns: 2675, Time: 00:12:29

Health: -5/51      AC: 12    Str: 22    XL:     6   Next: 24%
Magic:  5/5        EV:  9    Int:  3    God:
Gold:   142        SH:  0    Dex: 11    Spells: 0 memorised, 5 levels left

rFire  . . .     SeeInvis .     a - +0 long sword
rCold  + . .     Gourm    .     k - +0 chain mail
rNeg   + + +     Faith    .     (no shield)
rPois  ∞         Spirit   .     c - +0 helmet
rElec  .         Reflect  .     (no cloak)
rCorr  .         Harm     .     g - +2 pair of gloves {Str+3}
MR     .....                    (no boots)
Stlth  ..........               (no amulet)
                                (no ring)
                                (no ring)

@: rotting
A: rotting body, claws 1, carnivore 3, cold resistance 1, negative energy
resistance 3, slow regeneration 1, torment resistance, unbreathing
a: no special abilities


You were on level 4 of the Dungeon.
You were not hungry.

You visited 1 branch of the dungeon, and saw 4 of its levels.

You collected 142 gold pieces.

Inventory:

Hand Weapons
 a - a +0 long sword (weapon)
Missiles
 d - 3 throwing nets (quivered)
Armour
 b - a +0 leather armour
 c - a +0 helmet (worn)
 g - a +2 pair of gloves of strength (worn)
 k - a +0 chain mail (worn)
Scrolls
 h - 2 scrolls of remove curse {unknown}
 i - a scroll of random uselessness {unknown}
 j - 2 scrolls of identify {unknown}
 l - a scroll of recharging {unknown}
 m - a scroll of magic mapping {unknown}
 s - a scroll of amnesia {unknown}
 t - a scroll of teleportation {unknown}
Potions
 e - 2 potions of agility {unknown}
 n - 4 potions of mutation {unknown}
 p - a potion of curing {unknown}
 r - a potion of degeneration {unknown}
Comestibles
 f - 4 meat rations
 o - 2 beef jerkies
 q - a chunk of flesh


   Skills:
 + Level 3.6 Fighting
 + Level 4.8 Long Blades
 + Level 2.0 Throwing
 + Level 1.5 Armour
 + Level 3.3 Dodging


You had 5 spell levels left.
You didn't know any spells.

Dungeon Overview and Level Annotations

Branches:
Dungeon (4/15)
 Temple: D:4-7

Altars:
Kikubaaqudgha
Makhleb


Innate Abilities, Weirdness & Mutations

Your body is rotting away.
You thrive on raw meat.
You are immune to poison.
You have sharp fingernails.
You are carnivorous and can eat meat at any time.
Your flesh is cold resistant. (rC+)
You are immune to negative energy. (rN+++)
You regenerate slowly when monsters are visible.
You are immune to unholy pain and torment.
You can survive without breathing.


Message History

The ogre hits you with a giant club!!
You hit the ogre.
The ogre is severely wounded.
The ogre hits you with a giant club!
* * * LOW HITPOINT WARNING * * *
A ball python comes into view.
You completely miss the ogre.
The ogre is severely wounded.
The ball python hisses angrily.
The ogre hits you with a giant club!
* * * LOW HITPOINT WARNING * * *
You barely miss the ogre.
The ogre is severely wounded.
The ogre barely misses you.
You riposte.
Your chain mail prevents you from hitting the ogre.
The ogre is severely wounded.
Your chain mail prevents you from hitting the ogre.
The ogre is severely wounded.
The ogre hits you with a giant club.
You die...

(... .. ### ... . ##.#
..# . ##..# ..# .#
##...## #.##.## #.....#
#.....### ##<...#
#.....<..
#....#####..#.... ###
##.....@OoS....... #.##
##....####..#.....
#..####.....## #..# ##..
##...........# ##.# .
####.####....#..## .#
#.#.## #....##..## .##
##.## ##....###..##..###
##.# ##.....# #...#.....
#.###......####.........


You could see an ogre, an orc and a ball python.

Vanquished Creatures
  A vampire bat (D:2)
  A hound (D:3)
  An orc priest (D:3)
  A worker ant (D:4)
  A gnoll (D:3)
  2 adders
  2 oozes
  2 worms (D:2)
  2 dart slugs
  2 leopard geckos (D:2)
  9 orcs (D:3)
  A ball python (D:1)
  9 bats
  3 bat skeletons (D:2)
  3 bat zombies (D:2)
  2 giant cockroaches
  6 goblins
  3 hobgoblins
  4 jackals (D:1)
  2 quokkas (D:2)
  2 frilled lizards (D:2)
  8 kobolds
  5 rats
72 creatures vanquished.

Vanquished Creatures (others)
  An orc wizard (D:3)
1 creature vanquished.

Grand Total: 73 creatures vanquished

Notes
Turn   | Place    | Note
-------+----------+-------------------------------------------
     0 | D:1      | Peloso the Ghoul Gladiator began the quest for the Orb.
     0 | D:1      | Reached XP level 1. HP: 17/17 MP: 0/0
   115 | D:1      | Reached XP level 2. HP: 23/23 MP: 1/1
   191 | D:1      | Reached skill level 3 in Long Blades
   791 | D:2      | Reached XP level 3. HP: 16/30 MP: 2/2
  1378 | D:2      | Reached XP level 4. HP: 36/37 MP: 3/3
  1584 | D:2      | Found an ancient bone altar of Kikubaaqudgha.
  1597 | D:2      | Reached skill level 1 in Armour
  1597 | D:2      | Reached XP level 5. HP: 45/45 MP: 4/4
  1765 | D:3      | Reached skill level 4 in Long Blades
  1769 | D:3      | HP: 2/45 [orc priest/club (3)]
  2390 | D:3      | Reached XP level 6. HP: 51/51 MP: 5/5
  2391 | D:3      | Found a burning altar of Makhleb.
  2673 | D:4      | HP: 1/51 [ogre/giant club (11)]
  2675 | D:4      | Slain by an ogre

Skill      XL: |  1  2  3  4  5 |
---------------+----------------+-----
Long Blades    | 3 4 |  4.8
Throwing       | 2 |  2.0
Dodging        | 3 |  3.3
Fighting       | 3 |  3.6
Armour         | 1 |  1.5

Action                   |  1- 3 |  4- 6 || total
-------------------------+-------+-------++-------
Melee: Long sword        |    87 |   132 ||   219
  Eat: Chunk             |     7 |     4 ||    11
Armor: Leather armour    |    44 |    35 ||    79
       Chain mail        |       |    42 ||    42
Dodge: Dodged            |    86 |    79 ||   165
       Rpst.: Long sword |    26 |    29 ||    55
